 Dungeon Crawl Stone Soup version 0.19.1-1-g22dce08 (webtiles) character file.

6368 galech the Grappler (level 10, -4/104 HPs)
             Began as a Troll Monk on Jan 1, 2017.
             Was an Elder of Okawaru.
             Slain by a white ugly thing (10 damage)
             ... on level 7 of the Dungeon.
             The game lasted 00:20:06 (7073 turns).

galech the Grappler (Troll Monk)                    Turns: 7073, Time: 00:20:07

Health: -4/104     AC:  6    Str: 26    XL:     10   Next: 65%
Magic:  7/9        EV: 17    Int:  8    God:    Okawaru [****..]
Gold:   745        SH:  0    Dex: 14    Spells: 0 memorised, 9 levels left

rFire  . . .     SeeInvis +       - Unarmed
rCold  + . .     Gourm    +     M - +0 robe {MR+}
rNeg   + . .     Faith    .     (no shield)
rPois  .         Spirit   .     B - +0 hat
rElec  .         Reflect  .     G - +0 cloak
rCorr  .         Harm     .     (gloves unavailable)
MR     +....                    (boots unavailable)
Stlth  +++.......               (no amulet)
                                c - ring "Xureyse" {rF+ rN+ Str+2 Dex+2 SInv}
                                g - ring of ice

@: heroism, drained
A: unfitting armour, claws 3, clever 1, fast metabolism 3, gourmand,
regeneration 1, shaggy fur 1, tough skin 2
a: Heroism, Renounce Religion


You were on level 7 of the Dungeon.
You worshipped Okawaru.
Okawaru was greatly pleased with you.
You were very full.

You visited 2 branches of the dungeon, and saw 9 of its levels.
You also visited: Sewer and Ossuary.

You collected 745 gold pieces.

Inventory:

Armour
 B - a +0 hat (worn)
 G - a +0 cloak (worn)
 M - a +0 robe of magic resistance (worn)
Jewellery
 c - the ring "Xureyse" (right claw) {rF+ rN+ Str+2 Dex+2 SInv}
   (You found it on level 4 of the Dungeon)

   [ring of positive energy]

   It affects your strength (+2).
   It affects your dexterity (+2).
   It protects you from fire.
   It protects you from negative energy.
   It lets you see invisible.
 g - a ring of ice (left claw)
Wands
 C - a wand of slowing (24/48)
Scrolls
 f - 5 scrolls of amnesia
 h - 6 scrolls of teleportation {unknown}
 k - 6 scrolls of remove curse {unknown}
 l - 2 scrolls of blinking {unknown}
 p - 3 scrolls of magic mapping {unknown}
 q - 2 scrolls of fog
 s - 2 scrolls of recharging
 y - 2 scrolls of noise
 D - 2 scrolls of enchant armour
 I - 3 scrolls of enchant weapon
 K - a scroll of identify
Potions
 d - 11 potions of curing {unknown}
 e - 6 potions of degeneration {unknown}
 j - a potion of magic {unknown}
 o - 2 potions of haste
 r - 5 potions of flight {unknown}
 t - 2 potions of invisibility {unknown}
 u - 4 potions of agility {unknown}
 v - 3 potions of heal wounds {unknown}
 w - 4 potions of might {unknown}
 x - 4 potions of brilliance {unknown}
 A - 3 potions of resistance {unknown}
 E - a potion of ambrosia {unknown}
 H - a potion of beneficial mutation {unknown}
 J - 2 potions of berserk rage {unknown}
Books
 z - a book of Misfortune

   Spells                             Type                      Level
   a - Confusing Touch                Hexes                        1
   b - Confuse                        Hexes                        3
   c - Gell's Gravitas                Hexes/Translocation          3
   d - Petrify                        Transmutation/Earth          4
   e - Metabolic Englaciation         Hexes/Ice                    5
   f - Yara's Violent Unravelling     Hexes/Transmutation          5
 L - a book of Spatial Translocations

   Spells                             Type                      Level
   a - Blink                          Translocation                2
   b - Shroud of Golubria             Charms/Translocation         2
   c - Lesser Beckoning               Translocation                3
   d - Portal Projectile              Translocation                3
   e - Teleport Other                 Translocation                3
   f - Passage of Golubria            Translocation                4
Comestibles
 b - 12 bread rations
 i - a slice of pizza
 m - 13 fruits
 n - 2 meat rations
 F - 5 chunks of flesh


   Skills:
 + Level 7.9(12.4) Fighting
 + Level 8.0(12.5) Dodging
 - Level 1.2(5.8) Stealth
 + Level 10.4(14.9) Unarmed Combat


You had 9 spell levels left.
You didn't know any spells.

Dungeon Overview and Level Annotations

Branches:
Dungeon (8/15)             Temple (1/1) D:7
   Lair: D:8-11

Altars:
Ashenzari
Cheibriados
Dithmenos
Elyvilon
Fedhas
Gozag
Hepliaklqana
Kikubaaqudgha
Makhleb
Nemelex Xobeh
Okawaru
Qazlal
Ru
Sif Muna
Trog
Uskayaw
Vehumet
Xom
Yredelemnul
Zin
The Shining One

Shops:
D:8 =


Innate Abilities, Weirdness & Mutations

You are too large for most types of armour.
You have claws for hands.
Your metabolism is lightning-fast.
You like to eat raw meat.
Your natural rate of healing is unusually fast.
You are covered in fur. (AC +1)
You have very tough skin. (AC +2)
Your mind is acute. (Int +2)


Message History

The white ugly thing barely misses you.
You climb upwards.
There is a stone staircase leading down here.
Unknown command.
You are too injured to fight recklessly!
You are too injured to fight recklessly!
You are too injured to fight recklessly!
You are too injured to fight recklessly!
You are too injured to fight recklessly!
You gain the combat prowess of a mighty hero.
The white ugly thing claws you!
* * * LOW HITPOINT WARNING * * *
The white ugly thing freezes you! You resist.
* * * LOW HITPOINT WARNING * * *
You mangle the white ugly thing!!
The white ugly thing is heavily wounded.
You barely miss the white ugly thing. You claw the white ugly thing!!
The white ugly thing is severely wounded.
The white ugly thing claws you!
You die...

##...#
##....#####.......
.....#
####...####......
##...# ##............
#...#
######..####.......
#...#
##......#########...
##..##
###........##.........
##..#
##...#.........#####...
##.## ##..###.u....####
#... ##..###..##
#@.....# ###.
#.......############ #.
#...........# #.
#......####.# #.
#####..#
#.##################
#.##
#.#..........<......
#.#
#...###############.
#######.#####..## #.
##.............## #.


You could see a white ugly thing.

Vanquished Creatures
  A centaur warrior (D:8)
  Prince Ribbit (D:5)
  2 slime creatures (D:8)
  A hippogriff (D:8)
  2 wyverns
  A hungry ghost (D:7)
  2 water moccasins
  A black bear (D:7)
  3 orc warriors
  2 sky beasts
  3 ice beasts
  6 centaurs
  3 ogres
  A phantom (D:7)
  A big kobold (Sewer)
  3 bullfrogs
  A wyvern zombie (D:8)
  A scorpion (D:5)
  7 killer bees
  10 wights (D:8)
  2 crimson imps
  A quasit (D:7)
  4 hounds
  4 jellies
  3 bullfrog skeletons
  Crazy Yiuf (D:6)
  5 orc priests
  3 centaur skeletons
  2 iguanas
  6 orc wizards
  6 worker ants
  A killer bee zombie (D:6)
  3 hound skeletons
  8 mummies (Ossuary)
  Robin (D:2)
  7 gnolls
  8 river rats
  8 adders
  3 shadow imps (D:8)
  An ooze (Sewer)
  3 worms
  3 dart slugs
  3 leopard geckos
  20 orcs
  8 ball pythons
  5 giant cockroaches
  14 goblins
  12 hobgoblins
  9 jackals
  3 quokkas
  11 bats
  9 frilled lizards
  2 gnoll zombies (Ossuary)
  2 hobgoblin zombies (Ossuary)
  2 jackal skeletons (D:5)
  21 kobolds
  4 kobold zombies (Ossuary)
  A quokka skeleton (D:8)
  34 rats
  A fungus (D:6)
296 creatures vanquished.

Notes
Turn   | Place    | Note
-------+----------+-------------------------------------------
     0 | D:1      | galech the Troll Monk began the quest for the Orb.
     0 | D:1      | Reached XP level 1. HP: 22/22 MP: 0/0
    66 | D:1      | Reached XP level 2. HP: 29/29 MP: 1/1
   547 | D:1      | Reached XP level 3. HP: 34/36 MP: 2/2
   860 | D:2      | Found a hazy altar of Hepliaklqana.
  1103 | D:2      | Reached skill level 4 in Unarmed Combat
  1251 | D:2      | Reached XP level 4. HP: 41/44 MP: 3/3
  1358 | D:2      | Noticed Robin
  1364 | D:2      | Killed Robin
  1780 | D:3      | Reached XP level 5. HP: 4/52 MP: 4/4
  2035 | D:3      | Reached skill level 5 in Unarmed Combat
  2123 | D:3      | Found a glowing drain.
  2139 | Sewer    | Entered a sewer
  2209 | Sewer    | Reached XP level 6. HP: 45/61 MP: 5/5
  2857 | D:4      | Reached skill level 6 in Unarmed Combat
  2857 | D:4      | Reached XP level 7. HP: 58/67 MP: 6/6
  3140 | D:4      | Found a bloodstained altar of Trog.
  3368 | D:4      | Got a twitching jade ring
  3475 | D:4      | Identified the ring "Xureyse" {rF+ rN+ Str+2 Dex+2 SInv} (You found it on level 4 of the Dungeon)
  3502 | D:5      | Entered Level 5 of the Dungeon
  3590 | D:5      | Noticed Prince Ribbit
  3606 | D:5      | Killed Prince Ribbit
  3695 | D:5      | Reached XP level 8. HP: 65/79 MP: 7/7
  3778 | D:5      | Reached skill level 5 in Dodging
  3899 | D:5      | Reached skill level 7 in Unarmed Combat
  4175 | D:6      | Reached skill level 5 in Fighting
  4438 | D:6      | Found a shattered altar of Ashenzari.
  4559 | D:6      | Found a hide-covered altar of Uskayaw.
  4632 | D:6      | Reached skill level 8 in Unarmed Combat
  4705 | D:6      | Reached XP level 9. HP: 81/89 MP: 8/8
  4977 | D:6      | Found a runed door.
  4981 | D:6      | Noticed Crazy Yiuf
  4985 | D:6      | Killed Crazy Yiuf
  5026 | D:7      | Found a staircase to the Ecumenical Temple.
  5036 | Temple   | Entered the Ecumenical Temple
  5043 | Temple   | Became a worshipper of Warmaster Okawaru
  5043 | Temple   | Reached * piety under Okawaru
  5043 | Temple   | Reached ** piety under Okawaru
  5264 | D:7      | Reached skill level 9 in Unarmed Combat
  5269 | D:7      | Gained mutation: Your mind is acute. (Int +2) [mutagenic meat]
  5361 | D:7      | Found a shadowy altar of Dithmenos.
  5541 | D:8      | Reached *** piety under Okawaru
  5571 | D:8      | Found Riggecuc's Jewellery Boutique.
  5646 | D:8      | Reached XP level 10. HP: 16/102 MP: 6/9
  5987 | D:8      | Found a sand-covered staircase.
  5992 | Ossuary  | Entered an ossuary
  6264 | D:8      | Noticed a centaur warrior
  6279 | D:8      | Killed a centaur warrior
  6279 | D:8      | Reached **** piety under Okawaru
  6279 | D:8      | Reached skill level 10 in Unarmed Combat
  6509 | D:8      | Noticed a white ugly thing
  6513 | D:8      | Noticed an eight-headed hydra
  6873 | D:8      | Found a blossoming altar of Fedhas.
  7071 | D:7      | HP: 5/104 [white ugly thing (11)]
  7073 | D:7      | Slain by a white ugly thing

Skill      XL: |  1  2  3  4  5  6  7  8  9 10 |
---------------+-------------------------------+-----
Unarmed Combat | 4 5 6 8 9 10 | 10.4
Dodging        | 3 4 5 7 8 |  8.0
Fighting       | 3 4 5 7 |  7.9
Stealth        | |  1.2

Action                   |  1- 3 |  4- 6 |  7- 9 | 10-12 || total
-------------------------+-------+-------+-------+-------++-------
Melee: Unarmed           |   126 |   217 |   309 |   146 ||   798
       Punch             |       |     3 |    14 |    11 ||    28
Invok: Heroism           |       |       |     3 |     4 ||     7
  Use: Scroll            |       |     2 |     2 |     2 ||     6
 Stab: Sleeping          |     4 |     1 |     5 |       ||    10
       Distracted        |       |       |     1 |       ||     1
  Eat: Chunk             |    17 |    15 |    28 |    11 ||    71
       Meat ration       |       |       |       |     1 ||     1
       Royal jelly       |       |       |       |     1 ||     1
Armor: Robe              |    44 |    83 |    61 |    34 ||   222
Dodge: Dodged            |    65 |   185 |   173 |   116 ||   539
